 Dungeon Crawl Stone Soup version 0.21.1-1-g345015fe64 (webtiles) character file.

319283 Htamos the Merfolkian Porcupine (level 21, -31/177 HPs)
             Began as a Merfolk Berserker on July 14, 2018.
             Was the Champion of Trog.
             Blown up by an eye of devastation (44 damage)
             ... with a bolt of energy
             ... on level 4 of the Pits of Slime.
             The game lasted 02:32:27 (57057 turns).

Htamos the Merfolkian Porcupine (MfBe)             Turns: 57057, Time: 02:32:28

Health: -31/177    AC: 24    Str: 27    XL:     21   Next: 47%
Magic:  7/7        EV: 27    Int:  9    God:    Trog [******]
Gold:   754        SH:  0    Dex: 23    Spells: 20/20 levels left

rFire    + + +     SeeInvis .   Z - +11 glaive "Cocilue" {antimagic, *Slow rF+ Dex+5}
rCold    . . .     Gourm    .   (shield currently unavailable)
rNeg     + + .     Faith    +   a - +12 plate armour of Seatos {rPois rC- rN+ Str+2}
rPois    +         Spirit   .   K - +1 helmet
rElec    +         Reflect  .   i - +0 cloak
rCorr    +         Harm     .   t - -2 pair of gloves "Wichun" {rN+ rCorr}
MR       ++...                  R - +1 pair of boots
Stlth    ..........             N - amulet of faith
HPRegen  0.39/turn              r - ring "Raid" {rElec rF+ Stlth-}
MPRegen  0.10/turn              I - ring "Axian" {*Corrode +Inv rF+ MR+ Slay+4}

@: confused, mighty, resistant, corroded, very slightly contaminated, hasted and
slowed, studying Crossbows, invisible
A: change form in water, swift swim, stealthy swim, deterioration 1, wild magic
1, no potion heal 1
}: 2/15 runes: decaying, serpentine
a: Berserk, Trog's Hand, Brothers in Arms, Burn Spellbooks, Renounce Religion


You were on level 4 of the Pits of Slime.
You worshipped Trog.
Trog was exalted by your worship.
You were hungry.

You visited 7 branches of the dungeon, and saw 38 of its levels.
You also visited: Ice Cave.

You collected 5046 gold pieces.
You spent 4292 gold pieces at shops.

Inventory:

Hand Weapons
 j - a +5 glaive of holy wrath
 u - a +3 antimagic halberd
 w - a +5 battleaxe of flaming
 z - a +2 triple crossbow of flaming
 S - a +4 bardiche of flaming
 T - a +4 halberd of venom
 Z - the +11 glaive "Cocilue" (weapon) {antimagic, *Slow rF+ Dex+5}
   (Trog gifted it to you on level 1 of the Snake Pit)

   It reduces the magical energy of the wielder, and disrupts the spells and
   magical abilities of those hit.
   Natural abilities and divine invocations are not affected.
   It affects your dexterity (+5).
   It protects you from fire.
   It may slow you when you take damage.
Missiles
 x - 5 poisoned javelins (quivered)
Armour
 a - the +12 plate armour of Seatos (worn) {rPois rC- rN+ Str+2}
   (You bought it in a shop on level 2 of the Orcish Mines)

   It affects your strength (+2).
   It makes you vulnerable to cold.
   It protects you from poison.
   It protects you from negative energy.
 g - a +1 helmet of see invisible
 i - a +0 cloak (worn)
 t - the -2 pair of gloves "Wichun" (worn) {rN+ rCorr}
   (You took it off Nikola on level 1 of the Swamp)

   It protects you from negative energy.
   It protects you from acid and corrosion.
 A - a +2 pair of gloves of strength
 E - a +7 plate armour
 K - a +1 helmet (worn)
 R - a +1 pair of boots (worn)
Jewellery
 r - the ring "Raid" (left hand) {rElec rF+ Stlth-}
   (You found it on level 15 of the Dungeon)

   [ring of loudness]

   It protects you from fire.
   It insulates you from electricity.
   It makes you less stealthy.
 s - the ring "Zuintu" {rF+ rN+ MR- Dex+4 SInv}
   (You bought it in a shop on level 2 of the Orcish Mines)

   [ring of see invisible]

   It affects your dexterity (+4).
   It protects you from fire.
   It protects you from negative energy.
   It affects your resistance to hostile enchantments.
   It lets you see invisible.
 I - the ring "Axian" (right hand) {*Corrode +Inv rF+ MR+ Slay+4}
   (You took it off a deep elf mage on level 1 of the Elven Halls)

   [ring of protection from magic]

   It affects your accuracy and damage with ranged weapons and melee attacks
   (+4).
   It protects you from fire.
   It affects your resistance to hostile enchantments.
   It lets you turn invisible.
   It may corrode you when you take damage.
 J - an uncursed ring of protection from magic
 N - an amulet of faith (around neck)
 W - an uncursed ring of ice
Wands
 k - a wand of iceblast (29)
 y - a wand of disintegration (48)
 B - a wand of digging (22)
 G - a wand of scattershot (2)
 L - a wand of enslavement (5)
 M - a wand of acid (17)
 P - a wand of paralysis (21)
 X - a wand of clouds (6)
Scrolls
 d - 2 scrolls of blinking
 e - 11 scrolls of remove curse
 f - 3 scrolls of magic mapping
 h - 11 scrolls of identify
 q - 5 scrolls of fear
 O - 11 scrolls of teleportation
 U - 3 scrolls of fog
Potions
 n - a potion of haste
 p - 8 potions of lignification
 v - a potion of might
 C - 3 potions of agility
 F - 3 potions of flight
 Y - 2 potions of cancellation
Books
 o - a manual of Crossbows
Miscellaneous
 b - a phantom mirror
Comestibles
 c - 15 rations


   Skills:
 + Level 18.0 Fighting
 O Level 27 Polearms
 - Level 16.1 Armour
 + Level 24.5 Dodging


You had 20 spell levels left.
You didn't know any spells.

Dungeon Overview and Level Annotations

Branches:
Dungeon (15/15)            Temple (0/1) D:6            Lair (6/6) D:11
  Swamp (4/4) Lair:4        Snake (4/4) Lair:4        Slime (4/5) Lair:6
    Orc (2/2) D:11            Elf (3/3) Orc:2        Vaults (0/5) D:13
 Depths (0/5) D:15

Altars:
Dithmenos
Fedhas
Kikubaaqudgha
Qazlal
Ru
Uskayaw
Yredelemnul
Zin
The Shining One
Beogh

Shops:
D:14 :*(%=   Orc:2 [(=*   Elf:1 *   Elf:2 (   Snake:3 :   Snake:4 !:


Innate Abilities, Weirdness & Mutations

You revert to your normal form in water.
You are very nimble and swift while swimming.
You are very stealthy in the water. (Stealth+)
Your body sometimes deteriorates upon taking damage.
Your spells are a little harder to cast, but a little more powerful.
Potions are less effective at restoring your health.


Message History

The golden eye blinks at you.
You are more confused.
The golden eye blinks!
You are splashed with acid!
The wall burns you! You resist.
* * * LOW HITPOINT WARNING * * *
The golden eye turns its gaze towards you. x2
The slime creature quivers. x2
The golden eye blinks at you. x2
A large slime creature splits.
The golden eye blinks!
The golden eye blinks at you.
The golden eye blinks!
The slime creature quivers. x2
You hit the eye of devastation but do no damage.
The eye of devastation is moderately wounded.
You are splashed with acid!
The wall burns you! You resist.
* * * LOW HITPOINT WARNING * * *
The slime creature quivers. x2
The golden eye blinks at you. x2; The eye of devastation gazes at you.
The bolt of energy hits you!
You die...

......#... ...####
.......... #.#.#.##
......##.## ##......#
..........## ......#
.........#.###.#.G.#
.............#.....#
..............J....#
............J.GJ..##
............J.G@..##
.......#.##...J#GG.#
..........#........##
#..#.................##
....###...............#
.....#...............##
....#...............##
...................##
..................##


You could see 5 slime creatures, an eye of devastation and 4 golden eyes.

Vanquished Creatures
  Nikola (Swamp:1)
  The ghost of abdbla the Warrior, an adept GrFi of Qazlal (D:15)
  5 deep elf blademasters
  2 deep elf master archers (Elf:3)
  9 acid blobs
  3 thorn hunters (Swamp:4)
  7 nagarajas (Snake:4)
  An azure jelly (Slime:2)
  Donald (Orc:2)
  An azure jelly (shapeshifter) (Elf:1)
  4 deep elf sorcerers (Elf:3)
  3 orc warlords (Orc:1)
  The ghost of hurdos the Destroyer, an adept TeFE of Vehumet (Swamp:4)
  Aizul (Swamp:2)
  7 deep elf elementalists
  Louise (Elf:1)
  The ghost of Htamos the Warrior, a journeyman MiFi of Qazlal (D:15)
  The ghost of lis82 the Sorcerer, an adept SpWz of Sif Muna (Snake:2)
  Nessos (Orc:2)
  9 deep elf demonologists
  3 deep elf annihilators
  6 deep elf death magi
  Josephine (D:13)
  A great orb of eyes (Slime:4)
  7 deep elf high priests
  3 ice dragons
  2 ghost crabs (Swamp:4)
  14 naga warriors
  The ghost of letownia the Martial Artist, a journeyman DsGl of Ru (D:10)
  24 hydras
  12 two-headed ogres
  10 anacondas
  16 alligators
  A catoblepas (D:14)
  3 centaur warriors
  Erica (D:9)
  22 dancing weapons
  A tengu warrior (D:15)
  2 spriggan berserkers (Swamp:4)
  5 death yaks
  15 naga sharpshooters
  7 shock serpents
  Sonja (D:10)
  19 deep elf knights
  4 orc high priests
  A fire crab (Lair:5)
  A salamander mystic (Snake:3)
  12 sea snakes (Snake:4)
  13 swamp dragons
  3 unseen horrors
  6 naga ritualists
  2 wizards (D:15)
  A shambling mangrove (Swamp:3)
  18 deep elf archers
  7 orc knights
  3 oklob plants
  52 deep elf magi
  3 shining eyes
  12 mana vipers
  3 manticores
  12 salamanders
  8 ugly things
  Maurice (Orc:1)
  4 elephants (Lair:4)
  18 naga magi
  12 guardian serpents
  A torpor snail (Lair:4)
  29 black mambas
  A gargoyle (D:15)
  2 eyes of devastation
  A guardian serpent (shapeshifter) (Elf:1)
  4 centaur skeletons
  16 spiny frogs
  11 komodo dragons
  A yaktaur (D:11)
  A rime drake (Lair:4)
  2 ice devils (D:14)
  13 trolls
  8 tyrant leeches
  7 polar bears
  Prince Ribbit (D:7)
  7 blink frogs (Lair:4)
  14 hornets
  59 slime creatures
  9 bog bodies
  16 hippogriffs
  Sigmund (D:4)
  4 shadows
  4 water elementals
  2 air elementals
  2 vampires
  34 yaks
  19 spriggans
  2 wyverns
  Eustachio (D:4)
  The ghost of Roikka the Magician, an amateur TrWz (D:4)
  A basilisk (Lair:4)
  9 wraiths
  9 fire elementals
  A yak (shapeshifter) (Elf:2)
  6 golden eyes (Slime:4)
  A hog (Swamp:2)
  16 vampire mosquitoes
  3 hungry ghosts
  Menkaure (D:4)
  A soldier ant (D:8)
  13 insubstantial wisps
  59 nagas
  19 swamp worms
  An acid dragon (D:15)
  14 water moccasins
  4 wargs
  10 porcupines
  40 orc warriors
  2 black bears
  4 ice beasts
  12 swamp drakes
  5 sky beasts
  4 eyes of draining
  2 necrophages
  5 boggarts (Lair:6)
  21 wolves
  12 ogres
  11 centaurs
  10 crocodiles
  A big kobold (D:11)
  A big kobold (shapeshifter) (Elf:1)
  21 bullfrogs
  2 gnoll sergeants
  2 wyvern zombies
  An earth elemental (Elf:1)
  8 scorpions
  A water moccasin skeleton (D:8)
  A troll zombie (D:10)
  12 killer bees
  2 wights (D:10)
  The ghost of Sapher the Grave Robber, a weakling GnNe (D:3)
  6 electric eels
  A howler monkey (D:6)
  4 crimson imps
  3 bullfrog zombies
  A quasit (D:8)
  9 hounds
  4 human zombies (D:10)
  10 jellies
  14 orc priests
  28 orc wizards
  5 bullfrog skeletons
  8 iguanas
  16 worker ants
  A hound zombie (D:5)
  A mummy (D:10)
  3 worker ant zombies
  A howler monkey skeleton (D:5)
  12 gnolls
  17 adders
  4 shadow imps
  4 oozes
  An adder skeleton (D:2)
  3 worms
  3 dart slugs
  3 leopard geckos
  89 orcs
  4 ball pythons (Snake:2)
  6 giant cockroaches
  4 goblins
  9 hobgoblins
  17 jackals
  13 kobolds
  2 quokkas
  8 bats
  8 frilled lizards
  A leopard gecko skeleton (D:4)
  An orc zombie (D:10)
  A quokka skeleton (D:6)
  4 rats
  2 briar patches (Swamp:4)
  5 bushes (Lair:6)
  5 fungi
  9 plants
1405 creatures vanquished.

Vanquished Creatures (others)
  Kirke (Swamp:2)
  2 dancing weapons (Elf:2)
  A guardian serpent (Snake:4)
  A slime creature (Swamp:1)
  A water elemental (Elf:1)
  3 humans (Swamp:2)
  A vampire mosquito (Swamp:1)
  An orc priest (Orc:2)
  An orc (Elf:1)
  10 fungi
  3 plants (Elf:1)
25 creatures vanquished.

Grand Total: 1430 creatures vanquished

Notes
Turn   | Place    | Note
-------+----------+-------------------------------------------
     0 | D:1      | Htamos the Merfolk Berserker began the quest for the Orb.
     0 | D:1      | Reached XP level 1. HP: 18/18 MP: 1/1
    98 | D:1      | Reached XP level 2. HP: 23/24 MP: 2/2
   357 | D:1      | Reached skill level 5 in Polearms
   683 | D:1      | Reached XP level 3. HP: 29/29 MP: 3/3
   685 | D:1      | Reached ** piety under Trog
   978 | D:2      | Found a glowing golden altar of the Shining One.
  1703 | D:2      | Reached XP level 4. HP: 35/35 MP: 4/4
  1706 | D:2      | Reached skill level 6 in Polearms
  2221 | D:3      | Noticed Sapher's ghost (weakling GnNe)
  2232 | D:3      | Killed Sapher's ghost
  2232 | D:3      | Reached skill level 5 in Dodging
  2232 | D:3      | Reached XP level 5. HP: 41/41 MP: 5/5
  2615 | D:3      | Noticed a black bear
  2623 | D:3      | Killed a black bear
  2623 | D:3      | Reached skill level 7 in Polearms
  2623 | D:3      | Reached XP level 6. HP: 47/47 MP: 6/6
  3701 | D:4      | Reached skill level 8 in Polearms
  3768 | D:4      | Noticed Roikka's ghost (amateur TrWz)
  3783 | D:4      | Killed Roikka's ghost
  3783 | D:4      | Reached *** piety under Trog
  3783 | D:4      | Reached XP level 7. HP: 52/52 MP: 7/7
  3994 | D:4      | Noticed Menkaure
  4317 | D:4      | Killed Menkaure
  4317 | D:4      | Reached skill level 9 in Polearms
  4410 | D:4      | Noticed Sigmund
  4457 | D:4      | Killed Sigmund
  4457 | D:4      | Reached XP level 8. HP: 58/58 MP: 8/8
  4574 | D:4      | Reached skill level 10 in Polearms
  4602 | D:4      | Noticed Eustachio
  4621 | D:4      | Killed Eustachio
  4779 | D:5      | Entered Level 5 of the Dungeon
  5114 | D:5      | Reached skill level 11 in Polearms
  5385 | D:5      | Reached skill level 10 in Dodging
  5838 | D:5      | Reached XP level 9. HP: 58/64 MP: 9/9
  6094 | D:6      | Reached skill level 12 in Polearms
  6449 | D:6      | Found a staircase to the Ecumenical Temple.
  6513 | D:6      | Noticed a two-headed ogre
  6528 | D:6      | Killed a two-headed ogre
  6528 | D:6      | Reached skill level 5 in Fighting
  6743 | D:6      | Found a shadowy altar of Dithmenos.
  6956 | D:6      | Reached skill level 13 in Polearms
  6980 | D:6      | Found a sacrificial altar of Ru.
  6985 | D:6      | Found a stormy altar of Qazlal.
  7443 | D:6      | Reached **** piety under Trog
  7674 | D:7      | Reached XP level 10. HP: 76/76 MP: 10/10
  7675 | D:7      | Noticed Prince Ribbit
  7710 | D:7      | Killed Prince Ribbit
  9356 | D:8      | Noticed a two-headed ogre
  9364 | D:8      | Killed a two-headed ogre
  9364 | D:8      | Reached skill level 14 in Polearms
 10114 | D:8      | Reached ***** piety under Trog
 11045 | D:9      | Noticed a two-headed ogre
 11063 | D:8      | Reached XP level 11. HP: 86/86 MP: 11/11
 11127 | D:9      | Killed a two-headed ogre
 11415 | D:9      | Found a hide-covered altar of Uskayaw.
 11987 | D:9      | Noticed Erica
 11998 | D:9      | Killed Erica
 12576 | D:10     | Entered Level 10 of the Dungeon
 12912 | D:10     | Noticed Sonja
 12953 | D:10     | Reached skill level 18 in Polearms
 12953 | D:10     | Reached XP level 12. HP: 84/92 MP: 12/12
 13059 | D:10     | Received a gift from Trog
 13126 | D:10     | Killed Sonja
 13406 | D:10     | Reached skill level 5 in Armour
 13524 | D:10     | Noticed letownia's ghost (journeyman DsGl)
 13548 | D:10     | Killed letownia's ghost
 13721 | D:10     | Found a basalt altar of Yredelemnul.
 13774 | D:10     | Received a gift from Trog
 14891 | D:11     | Reached XP level 13. HP: 97/97 MP: 4/13
 14917 | D:11     | Noticed an ice dragon
 15011 | D:11     | Found a staircase to the Lair.
 15042 | D:11     | Identified a scroll of acquirement
 15120 | D:11     | Found a staircase to the Orcish Mines.
 15562 | D:11     | Killed an ice dragon
 15784 | D:11     | Reached ****** piety under Trog
 16110 | D:12     | Received a gift from Trog
 16184 | D:12     | Reached skill level 10 in Armour
 16972 | D:13     | Noticed Josephine
 16985 | D:13     | Killed Josephine
 16993 | D:13     | Received a gift from Trog
 17459 | D:13     | Found a gate to the Vaults.
 17528 | D:13     | Reached skill level 19 in Polearms
 17934 | D:13     | Reached XP level 14. HP: 104/104 MP: 14/14
 18057 | D:14     | Found Lapp's Food Shop.
 18069 | D:14     | Found Laemu's General Store.
 18126 | D:14     | Found Zuxtet's Jewellery Emporium.
 18192 | D:14     | Bought a +5 ring of protection for 715 gold pieces
 18259 | D:14     | Found Abannile's Weapon Emporium.
 18384 | D:14     | Found a frozen archway.
 18403 | IceCv    | Entered an ice cave
 18423 | IceCv    | Reached skill level 20 in Polearms
 19203 | D:14     | You fall through a shaft!
 19203 | D:15     | Entered Level 15 of the Dungeon
 19281 | D:15     | Noticed Htamos's ghost (journeyman MiFi)
 19298 | D:15     | Killed Htamos's ghost
 19298 | D:15     | Reached skill level 21 in Polearms
 19585 | D:15     | Received a gift from Trog
 19659 | D:15     | Got a pitted bone ring
 19915 | D:15     | Reached skill level 22 in Polearms
 19919 | D:15     | Found a staircase to the Depths.
 19949 | D:15     | Noticed abdbla's ghost (adept GrFi)
 19978 | D:15     | Killed abdbla's ghost
 20496 | D:14     | Found Tijexown's Book Emporium.
 20806 | Orc:1    | Entered Level 1 of the Orcish Mines
 20936 | Orc:1    | Noticed an orc warlord
 20954 | Orc:1    | Killed an orc warlord
 21292 | Orc:1    | Reached skill level 23 in Polearms
 21751 | Orc:2    | Entered Level 2 of the Orcish Mines
 21751 | Orc:2    | Found Qenledgha's Jewellery Shoppe.
 21756 | Orc:2    | Noticed Maurice
 21763 | Orc:2    | Noticed Nessos
 21763 | Orc:2    | Received a gift from Trog
 21786 | Orc:1    | Killed Maurice
 21786 | Orc:1    | Reached XP level 15. HP: 48/110 MP: 15/15
 22161 | Orc:1    | Received a gift from Trog
 22973 | Orc:2    | Killed Nessos
 23008 | Orc:2    | Noticed an orc warlord
 23010 | Orc:2    | Noticed an orc warlord
 23028 | Orc:1    | Killed an orc warlord
 23440 | Orc:1    | Killed an orc warlord
 23440 | Orc:1    | Reached skill level 24 in Polearms
 23788 | Orc:2    | Found Ipruissot's Antique Armour Boutique.
 23915 | Orc:2    | Found a staircase to the Elven Halls.
 24061 | Orc:2    | Found Isoa's Antique Weapon Boutique.
 24123 | Orc:2    | Noticed Donald
 24133 | Orc:2    | Killed Donald
 24149 | Orc:2    | Identified the ring "Raid" {rElec rF+ Stlth-} (You found it on level 15 of the Dungeon)
 24358 | Orc:2    | Found a roughly hewn altar of Beogh.
 24367 | Orc:2    | Found Kitimeg's General Store.
 24610 | Orc:2    | Bought a jewelled plate armour for 812 gold pieces
 24620 | Orc:2    | Identified the +12 plate armour of Seatos {rPois rC- rN+ Str+2} (You bought it in a shop on level 2 of the Orcish Mines)
 24638 | Orc:2    | Bought the ring "Zuintu" {rF+ rN+ MR- Dex+4 SInv} for 523 gold pieces
 24666 | Elf:1    | Entered Level 1 of the Elven Halls
 24847 | Orc:2    | Received a gift from Trog
 25025 | Elf:1    | Reached skill level 25 in Polearms
 25452 | Elf:1    | Found Plog's Assorted Antiques.
 25745 | Elf:1    | Found an ancient bone altar of Kikubaaqudgha.
 26040 | Elf:1    | Received a gift from Trog
 26040 | Elf:1    | Reached skill level 26 in Polearms
 26175 | Elf:1    | Reached XP level 16. HP: 115/117 MP: 16/16
 26192 | Elf:1    | Got a smoking ring mail
 26213 | Elf:1    | Got a transparent jade ring
 26510 | Elf:1    | Noticed Louise
 26515 | Elf:1    | Killed Louise
 26701 | Elf:1    | Noticed a caustic shrike
 27000 | Elf:1    | Noticed an azure jelly
 27011 | Elf:1    | Killed an azure jelly
 27434 | Elf:1    | Bought a scroll of enchant weapon for 255 gold pieces
 27683 | Elf:1    | Identified the ring "Axian" {*Corrode +Inv rF+ MR+ Slay+4} (You took it off a deep elf mage on level 1 of the Elven Halls)
 28055 | Elf:2    | Reached skill level 27 in Polearms
 28172 | Elf:2    | Found Qucheuc's Antique Weapon Emporium.
 28321 | Elf:2    | Received a gift from Trog
 28370 | Elf:2    | Found an ancient bone altar of Kikubaaqudgha.
 29081 | Elf:2    | Reached skill level 15 in Dodging
 29087 | Elf:2    | Found a runed gate.
 29087 | Elf:2    | Found a runed gate.
 29087 | Elf:2    | Found a runed gate.
 29269 | Elf:2    | Received a gift from Trog
 29682 | Elf:2    | Noticed a deep elf blademaster
 29694 | Elf:2    | Killed a deep elf blademaster
 30025 | Elf:2    | Reached skill level 10 in Fighting
 30258 | Elf:2    | Reached XP level 17. HP: 124/128 MP: 17/17
 30678 | Lair:1   | Entered Level 1 of the Lair of Beasts
 31631 | Lair:2   | Received a gift from Trog
 33532 | Lair:4   | Found a staircase to the Swamp.
 34157 | Lair:4   | Found a staircase to the Snake Pit.
 34297 | Lair:5   | Received a gift from Trog
 35259 | Lair:6   | Entered Level 6 of the Lair of Beasts
 35343 | Lair:6   | Found a blossoming altar of Fedhas.
 35888 | Lair:6   | Identified the Almanac of Beguiling
 36004 | Lair:6   | Found a staircase to the Slime Pits.
 36812 | Swamp:1  | Entered Level 1 of the Swamp
 37155 | Swamp:1  | Received a gift from Trog
 37397 | Swamp:1  | Noticed Nikola
 37407 | Swamp:1  | Killed Nikola
 37421 | Swamp:1  | Got a pair of ichor-stained gloves
 37432 | Swamp:1  | Identified the cursed -2 pair of gloves "Wichun" {rN+ rCorr} (You took it off Nikola on level 1 of the Swamp)
 38067 | Swamp:2  | Reached XP level 18. HP: 135/135 MP: 18/18
 38069 | Swamp:2  | Noticed Aizul
 38071 | Swamp:2  | Noticed Kirke
 38080 | Swamp:2  | Killed Aizul
 38086 | Swamp:2  | Killed Kirke
 39062 | Swamp:2  | Got an encrusted rapier
 39063 | Swamp:2  | Identified the +5 rapier "Hoof" {drain, rC++ Dex+7 Stlth-} (You found it on level 2 of the Swamp)
 39490 | Swamp:3  | Received a gift from Trog
 40456 | Swamp:4  | Entered Level 4 of the Swamp
 40608 | Swamp:4  | Noticed hurdos's ghost (adept TeFE)
 40624 | Swamp:4  | Killed hurdos's ghost
 40806 | Swamp:4  | Received a gift from Trog
 40873 | Swamp:4  | Reached skill level 15 in Armour
 41628 | Swamp:4  | Got a decaying rune of Zot
 42299 | Elf:3    | Entered Level 3 of the Elven Halls
 42673 | Elf:3    | Received a gift from Trog
 42819 | Elf:3    | Reached XP level 19. HP: 140/140 MP: 19/19
 43118 | Elf:3    | Noticed a Brimstone Fiend
 43551 | Elf:3    | Noticed a Brimstone Fiend
 43884 | Elf:3    | Noticed a Hell Sentinel
 44540 | Elf:2    | Received a gift from Trog
 45262 | Elf:3    | Noticed a Tzitzimitl
 46361 | D:14     | Bought a manual of Fighting for 1766 gold pieces
 46738 | Elf:3    | Got a clouded iron ring
 46740 | Elf:3    | Identified the cursed ring of Bylo {rC+ MR+ EV-2 Slay-5 SInv} (You found it on level 3 of the Elven Halls)
 46752 | Elf:3    | Identified the Tome of Evil Moulding
 46758 | Elf:3    | Received a gift from Trog
 47418 | Snake:1  | Entered Level 1 of the Snake Pit
 48404 | Snake:1  | Received a gift from Trog
 48405 | Snake:1  | Got a brightly glowing glaive {god gift}
 48406 | Snake:1  | Identified the +11 glaive "Cocilue" {antimagic, *Slow rF+ Dex+5} (Trog gifted it to you on level 1 of the Snake Pit)
 48475 | Snake:1  | Reached XP level 20. HP: 141/153 MP: 6/20
 48567 | Snake:1  | Found a glowing silver altar of Zin.
 48657 | Snake:2  | Noticed lis82's ghost (adept SpWz)
 48665 | Snake:2  | Killed lis82's ghost
 49586 | Snake:2  | Received a gift from Trog
 50357 | Snake:3  | Found Yvoc's Book Emporium.
 51083 | Snake:4  | Entered Level 4 of the Snake Pit
 51781 | Snake:4  | Found Nibiqit's Distillery.
 51789 | Snake:4  | Bought a potion of mutation for 104 gold pieces
 51789 | Snake:4  | Bought a potion of lignification for 39 gold pieces
 51789 | Snake:4  | Bought 2 potions of lignification for 78 gold pieces
 51789 | Snake:4  | Found Asuenut's Book Shop.
 51882 | Snake:4  | Received a gift from Trog
 51886 | Snake:4  | Reached skill level 15 in Fighting
 52901 | Snake:4  | Received a gift from Trog
 53485 | Snake:4  | Reached XP level 21. HP: 122/173 MP: 7/21
 53727 | Snake:4  | Got a serpentine rune of Zot
 54549 | Slime:1  | Entered Level 1 of the Pits of Slime
 54571 | Slime:1  | Received a gift from Trog
 56024 | Slime:4  | Received a gift from Trog
 56342 | Slime:3  | Gained mutation: You are dopey. (Int -2) [a shining eye]
 56635 | Slime:3  | Gained mutation: Scrolls take you a little longer to read. [a shining eye]
 56638 | Slime:3  | Lost mutation: You are dopey. (Int -2) [potion of mutation]
 56638 | Slime:3  | Lost mutation: Scrolls take you a little longer to read. [potion of mutation]
 56638 | Slime:3  | Gained mutation: You are weak. (Str -2) [potion of mutation]
 56638 | Slime:3  | Gained mutation: You are frail. (-10% HP) [potion of mutation]
 56638 | Slime:3  | Gained mutation: You are surrounded by a mild repulsion field. (EV +2) [potion of mutation]
 56638 | Slime:3  | Gained mutation: You can translocate small distances at will. [potion of mutation]
 56639 | Slime:3  | Lost mutation: You are frail. (-10% HP) [potion of mutation]
 56639 | Slime:3  | Lost mutation: You are weak. (Str -2) [potion of mutation]
 56639 | Slime:3  | Lost mutation: You can translocate small distances at will. [potion of mutation]
 56639 | Slime:3  | Lost mutation: You are surrounded by a mild repulsion field. (EV +2) [potion of mutation]
 56639 | Slime:3  | Gained mutation: Potions are less effective at restoring your health. [potion of mutation]
 56639 | Slime:3  | Gained mutation: Your body sometimes deteriorates upon taking damage. [potion of mutation]
 56639 | Slime:3  | Gained mutation: Your spells are a little harder to cast, but a little more powerful. [potion of mutation]
 57057 | Slime:4  | Blown up by an eye of devastation

Skill      XL: |  1  2  3  4  5  6  7  8  9 10 11 12 13 14 15 16 17 18 19 20 21 |
---------------+----------------------------------------------------------------+-----
Dodging        | 3 4 5 6 7 8 10 12 13 14 15 18 20 22 23 24 | 24.5
Polearms       | 5 6 7 8 9 11 13 14 18 19 23 26 27 | 27.0
Fighting       | 6 8 10 12 16 18 | 18.0
Armour         | 4 7 11 13 14 15 16 | 16.1

Action                   |  1- 3 |  4- 6 |  7- 9 | 10-12 | 13-15 | 16-18 | 19-21 || total
-------------------------+-------+-------+-------+-------+-------+-------+-------++-------
Melee: Spear             |   143 |   156 |   456 |   840 |       |       |       ||  1595
       Tailslap          |       |       |       |     2 |       |    21 |       ||    23
       Glaive            |       |       |       |    97 |   262 |       |  1019 ||  1378
       Trident           |       |       |       |    77 |       |       |       ||    77
       Unarmed           |       |       |       |     7 |       |       |       ||     7
       Bardiche          |       |       |       |       |   826 |  1493 |   118 ||  2437
       Halberd           |       |       |       |       |       |       |   294 ||   294
Throw: Javelin           |       |       |       |     2 |       |       |       ||     2
Invok: Berserk           |     2 |     6 |    10 |    22 |    27 |    13 |    11 ||    91
       Burn Spellbooks   |       |       |       |     3 |     3 |     4 |     4 ||    14
       Brothers in Arms  |       |       |       |       |     2 |       |       ||     2
       Trog's Hand       |       |       |       |       |       |       |     1 ||     1
 Abil: Evoke Invisibilit |       |       |       |       |       |     2 |       ||     2
Evoke: Wand              |       |       |       |       |       |     4 |     4 ||     8
  Use: Scroll            |       |       |       |    12 |    28 |    15 |     8 ||    63
       Potion            |       |       |       |    10 |     5 |     3 |    17 ||    35
 Stab: Sleeping          |     1 |       |       |       |       |       |       ||     1
       Distracted        |       |       |       |     1 |     1 |     1 |       ||     3
       Invisible         |       |       |       |       |       |     2 |       ||     2
  Eat: Chunk             |     3 |    10 |    22 |    28 |    51 |    31 |     8 ||   153
       Ration            |       |     1 |       |     4 |     4 |    10 |    14 ||    33
Armor: Animal skin       |    18 |    12 |       |       |       |       |       ||    30
       Ring mail         |       |     5 |    46 |    49 |       |       |       ||   100
       Chain mail        |       |       |       |    79 |     2 |       |       ||    81
       Plate armour      |       |       |       |       |   465 |   486 |   488 ||  1439
Dodge: Dodged            |    55 |    85 |   164 |   571 |   955 |   744 |  1019 ||  3593
